Map: Vigía EE

Players

MrFercho

  • Race: Zerg Zerg
  • League: Gold
  • Spawn Location: 9:00

TATORREA

  • Race: Protoss Protoss
  • League: Gold
  • Spawn Location: 9:00

tigro

  • Race: Terran Terran
  • League: Bronze
  • Spawn Location: 12:00

Rjae

  • Race: Terran Terran
  • Spawn Location: 5:00

Slim

  • Race: Zerg Zerg
  • Spawn Location: 5:00

AkaYakaWaka

  • Race: Protoss Protoss
  • Spawn Location: 6:00

VOD

Have the link to the VOD?

Description

Time

  • Played on: Aug. 9, 2020, 8:48 p.m.
  • Length: 14:21
Show
View Real Time Build Order
Export as new Build Order

MrFercho Zerg 

Build Orders: Hatch First, Muta Ling Bane 

Get SALT Encoding   

  12  0:05  Drone  
  13  0:14  Overlord  
  13  0:18  Drone  
  14  0:32  Drone x2  
  16  0:54  Hatchery  
  16  0:55  Drone  
  16  0:58  Drone  
  16  1:02  Drone  
  18  1:11  Extractor  
  17  1:19  Spawning Pool  
  16  1:37  Drone x3  
  19  2:08  Zergling x6  
  21  2:21  Queen  
  21  2:22  Queen  
  25  2:23  Zergling x2  
  25  2:24  Zergling x2  
  27  2:34  Metabolic Boost  
  27  2:36  Zergling x2  
  28  2:51  Overlord x2  
  27  3:13  Drone  
  27  3:14  Drone x3  
  34  3:48  Drone x8  
  34  3:52  Overlord x3  
  39  4:11  Roach Warren  
  39  4:13  Drone x2  
  39  4:14  Evolution Chamber, Drone  
  39  4:16  Lair  
  37  4:36  Zergling x12  
  43  4:45  Zerg Missile Weapons Level 1  
  43  5:06  Drone x4  
  46  5:07  Drone x4  
  46  5:10  Extractor  
  46  5:11  Extractor  
  48  5:19  Queen x2  
  52  5:21  Drone x2  
  52  5:22  Drone  
  52  5:23  Drone x3  
  52  5:25  Overlord  
  58  5:28  Baneling Nest  
  57  5:43  Extractor  
  56  6:10  Roach x7  
  69  6:16  Drone x3  
  69  6:17  Overlord x3  
  72  6:24  Drone  
  72  6:25  Centrifical Hooks  
  73  6:26  Hatchery  
  73  6:31  Glial Reconstitution  
  72  6:47  Spire  
  71  6:48  Drone  
  71  6:49  Drone  
  71  6:50  Hydralisk Den  
  72  7:12  Roach  
  72  7:13  Roach x11  
  92  7:25  Spore Crawler  
  92  7:26  Spore Crawler  
  86  7:30  Spore Crawler  
  86  7:32  Drone x3, Spore Crawler  
  86  7:40  Grooved Spines  
  86  7:41  Hydralisk  
  88  7:51  Queen  
  90  8:06  Corruptor  
  90  8:07  Corruptor  
  94  8:27  Queen  
  88  8:51  Mutalisk x5  
  88  8:52  Muscular Augments  
  78  9:00  Zergling x20  
  78  9:01  Zergling x14  
  79  9:36  Hatchery  
  62  9:55  Baneling x9  
  62  9:56  Baneling  
  62  10:01  Roach  
  62  10:02  Roach x11  
  67  10:44  Zergling x10  
  67  10:45  Zergling x20  
  75  10:50  Queen  
  77  11:06  Drone x7  
  84  11:13  Extractor  
  83  11:21  Drone x3  
  83  11:22  Drone x4  
  90  11:25  Queen  
  92  11:40  Spine Crawler  
  92  11:41  Spine Crawler  
  92  11:43  Mutalisk x2  
  92  11:44  Mutalisk  
  92  11:46  Spine Crawler  
  95  11:50  Queen  
  97  11:55  Overlord  
  87  12:51  Corruptor  
  87  12:52  Corruptor x10  
  87  12:56  Drone x4  
Show
View Real Time Build Order
Export as new Build Order

TATORREA Protoss 

Build Orders: Carriers 

Get SALT Encoding   

  12  0:03  Probe  
  13  0:15  Probe  
  14  0:23  Pylon  
  14  0:27  Probe  
  15  0:41  Probe  
  16  0:48  Gateway  
  16  0:53  Probe  
  17  1:02  Assimilator  
  17  1:05  Pylon, Probe  
  18  1:14  Gateway  
  18  1:17  Probe  
  19  1:34  Zealot (Chrono Boost)  
  19  1:39  Probe  
  22  1:51  Probe  
  23  2:04  Probe  
  24  2:18  Probe  
  25  2:30  Probe  
  26  2:43  Probe  
  25  2:45  Cybernetics Core  
  25  2:47  Zealot (Chrono Boost)  
  27  3:05  Zealot (Chrono Boost)  
  27  3:10  Assimilator  
  27  3:11  Zealot (Chrono Boost)  
  31  3:35  Nexus  
  31  4:16  Pylon  
  31  4:20  Gateway  
  31  4:21  Gateway  
  31  4:22  Gateway  
  31  4:30  Robotics Facility  
  31  4:33  Assimilator  
  31  4:34  Probe (Chrono Boost)  
  31  4:35  Pylon  
  31  4:36  Pylon  
  32  4:40  Warp Gate  
  33  4:46  Probe (Chrono Boost)  
  33  4:51  Probe (Chrono Boost)  
  33  4:52  Probe (Chrono Boost)  
  35  4:55  Stalker  
  37  5:03  Stalker, Probe  
  37  5:05  Probe  
  41  5:15  Probe  
  41  5:17  Probe  
  43  5:23  Immortal  
  43  5:27  Probe  
  48  5:29  Probe  
  49  5:39  Probe  
  49  5:41  Probe  
  51  5:51  Probe  
  51  5:53  Probe  
  53  6:02  Observer  
  46  6:09  Probe x2  
  46  6:16  Assimilator  
  46  6:18  Stargate  
  46  6:21  Probe x2  
  46  6:22  Stargate  
  46  6:23  Immortal  
  52  6:36  Probe x2  
  54  7:02  Nexus  
  54  7:04  Pylon  
  54  7:06  Pylon  
  54  7:14  Probe x2  
  56  7:19  Stalker x2  
  56  7:20  Stalker x2  
  63  7:26  Probe  
  63  7:27  Probe  
  65  7:33  Stalker  
  67  7:42  Phoenix x2  
  68  8:02  Probe x2  
  70  8:07  Phoenix x2  
  74  8:14  Probe  
  74  8:15  Fleet Beacon, Probe  
  74  8:19  Forge  
  76  8:20  Robotics Bay  
  76  8:23  Forge  
  76  8:24  Forge  
  60  9:07  Stalker x2  
  60  9:08  Stalker x3  
  60  9:09  Carrier x2 (Chrono Boost)  
  81  9:26  Probe  
  81  9:27  Probe x2  
  84  9:33  Stalker x4  
  90  9:38  Probe  
  90  9:39  Probe x2  
  84  9:46  Assimilator x2  
  84  9:51  Probe x3  
  84  9:57  Colossus  
  89  10:02  Extended Thermal Lance  
  89  10:05  Probe x3, Unknown  
  81  10:17  Probe x3  
  84  10:29  Probe  
  85  10:48  Probe x2  
  85  10:55  Stalker x3  
  85  11:37  Protoss Air Weapons Level 1 (Chrono Boost)  
  85  11:52  Pylon  
  85  11:53  Assimilator  
  85  11:55  Pylon x3  
  85  11:59  Pylon  
  85  12:04  Pylon  
  85  12:10  Carrier, Probe x2  
  85  12:13  Carrier, Probe  
  100  12:17  Pylon  
  100  12:19  Colossus  
  100  12:21  Pylon  
  100  12:22  Probe x2  
  108  12:25  Probe  
  108  12:29  Twilight Council  
  109  12:33  Pylon  
  109  12:34  Probe x2  
  109  12:35  Pylon  
  111  12:37  Probe  
  111  12:38  Pylon  
  112  12:45  Stalker x3  
  112  12:46  Stalker x2, Probe  
  123  13:14  Carrier  
  123  13:17  Carrier  
  129  13:21  Probe x3  
  129  13:26  Nexus  
  132  13:29  Assimilator  
  132  13:31  Stalker x2, Assimilator  
  132  13:32  Stalker x3  
  132  13:33  Probe  
  132  13:34  Probe x2  
Show
View Real Time Build Order
Export as new Build Order

tigro Terran 

Build Orders:  

Get SALT Encoding   

  12  0:14  SCV  
  13  0:22  Supply Depot  
  13  0:26  SCV  
  14  0:38  SCV  
  15  0:45  Supply Depot  
  15  0:52  SCV  
  15  0:53  Barracks  
  16  0:58  Refinery  
  17  1:04  SCV  
  17  2:12  Marine  
  18  2:29  Marine  
  19  2:47  Marine  
  19  2:48  Refinery  
  20  3:05  Marine  
  21  3:18  SCV  
  22  3:23  Marine  
  23  3:30  SCV  
  24  3:42  SCV  
  25  3:54  SCV  
  26  3:56  Factory  
  26  4:07  Command Center  
  26  4:09  Barracks Tech Lab  
  26  4:50  Factory Tech Lab  
  26  4:58  Stimpack  
  26  5:00  Marine  
  26  5:01  Engineering Bay  
  28  5:08  Orbital Command  
  27  5:15  Siege Tank  
  27  5:18  Marine  
  31  5:36  Marine  
  32  5:47  Siege Tank  
  35  5:53  Marine  
  36  6:11  Marine  
  36  6:17  Refinery  
  37  6:25  Starport  
  37  6:35  SCV  
  37  6:38  Combat Shield  
  37  6:39  Marine  
  39  6:42  Terran Infantry Weapons Level 1  
  39  6:47  SCV  
  40  6:56  Marine  
  40  6:59  SCV, Refinery  
  42  7:12  SCV  
  42  7:14  Marine  
  44  7:24  SCV  
  43  7:32  Marine  
  43  7:36  SCV  
  39  7:51  Supply Depot  
  34  8:04  Marine  
  21  8:14  Supply Depot  
  21  8:27  Marine  
  22  8:35  Medivac, Cyclone  
  22  8:36  Terran Infantry Armor Level 1  
  22  8:40  Supply Depot  
  27  8:45  Marine  
  28  9:03  Marine  
  28  9:08  Cyclone  
  16  9:21  Marine  
  6  9:39  Marine  
  6  9:40  Cyclone  
  10  9:56  Marine  
  11  10:12  Cyclone  
  14  10:14  Marine  
  14  10:17  SCV  
  16  10:29  SCV  
  16  10:30  Neosteel Armor  
  16  10:32  Marine  
  18  10:41  SCV  
  19  10:44  Cyclone  
  22  10:50  Marine  
  22  10:53  SCV  
  24  11:05  SCV  
  24  11:08  Marine  
  26  11:17  SCV  
  30  11:19  Command Center  
  30  11:29  SCV  
  31  11:41  SCV  
  31  11:43  Siege Tank  
  32  11:53  SCV  
  33  12:06  SCV  
  34  12:09  Missile Turret  
  34  12:10  Hi-Sec Auto Tracking  
  34  12:15  Siege Tank  
  37  12:18  SCV  
  38  12:30  SCV  
  39  12:39  Missile Turret  
  39  12:47  Siege Tank  
  17  13:15  Marine  
  15  13:33  Marine  
  13  13:50  Marine  
Show
View Real Time Build Order
Export as new Build Order

Rjae Terran 

Build Orders:  

Get SALT Encoding   

  12  0:00  SCV  
  13  0:12  SCV  
  14  0:29  SCV  
  14  0:33  Supply Depot  
  15  0:59  Barracks  
  15  1:00  Barracks  
  15  1:09  Barracks  
  15  1:16  SCV  
  13  2:05  SCV  
  14  2:17  SCV  
  15  2:27  Barracks  
  15  2:29  SCV  
  16  2:31  Marine  
  16  2:34  Barracks  
  17  2:38  Barracks  
  17  2:41  SCV  
  18  2:48  Marine  
  19  2:59  SCV  
  19  3:04  Bunker  
  20  3:06  Marine  
  20  3:11  SCV  
  22  3:17  Supply Depot  
  22  3:23  Marine  
  23  3:27  Marine  
  23  3:30  Marine  
  23  3:38  Marine  
  23  3:46  Marine  
  23  3:48  Marine  
  22  4:17  Marine x3  
  22  4:21  Command Center  
  22  4:23  SCV  
  26  4:29  Supply Depot  
  26  4:32  Supply Depot  
  26  4:35  Marine x3  
  29  4:50  SCV  
  30  4:53  Marine x3  
  29  5:07  Orbital Command  
  28  5:16  Marine, Refinery x2  
  28  5:17  Marine x2  
  31  5:34  Marine x2  
  31  5:35  Marine  
  34  5:50  SCV  
  34  5:52  Orbital Command  
  34  5:53  Marine  
  34  5:54  Marine x2  
  38  6:10  SCV  
  39  6:11  Marine x3  
  42  6:23  SCV x2  
  44  6:29  Marine x3  
  47  6:41  SCV x2  
  49  6:47  Marine x3  
  52  6:56  Factory  
  52  6:58  Factory  
  52  7:05  Marine x3  
  52  7:24  Marine x3  
  55  7:30  SCV x2  
  57  7:42  Marine x3, SCV x2  
  62  7:56  Factory Tech Lab  
  62  7:57  Supply Depot  
  62  7:58  Supply Depot  
  62  7:59  SCV x2  
  62  8:00  Marine x3  
  62  8:01  Supply Depot  
  62  8:03  Factory Reactor  
  67  8:11  SCV  
  68  8:32  Barracks Reactor x2  
  68  8:37  SCV x2  
  68  8:39  Barracks Tech Lab  
  66  8:49  SCV x2  
  66  8:55  Hellion x2, Siege Tank  
  58  9:04  Marine  
  59  9:13  Starport  
  59  9:22  Marine  
  60  9:27  Marine x4, Siege Tank  
  66  9:40  Marine  
  66  9:45  Marine x2  
  67  9:50  Marine x2  
  57  9:57  Marine  
  58  10:03  Marine  
  59  10:11  Factory Tech Lab  
  59  10:13  Marine x3  
  62  10:14  Stimpack  
  62  10:15  Marine  
  62  10:20  Marine  
  64  10:33  Siege Tank x2  
  64  10:34  SCV x2  
  72  10:38  Command Center  
  72  10:46  SCV  
  72  10:47  SCV  
  74  10:50  Marine x4  
  74  10:51  Marine  
  74  10:54  Medivac x2  
  83  10:59  SCV x2  
  85  11:05  Siege Tank x2  
  85  11:10  Marine x2  
  85  11:11  Marine x3, SCV  
  97  11:19  Refinery x2  
  97  11:25  SCV x2  
  99  11:37  Siege Tank  
  102  11:42  Supply Depot  
  102  11:44  Supply Depot  
  102  11:46  Supply Depot  
  102  11:49  Marine x5, SCV x2  
  109  12:02  Combat Shield  
  109  12:34  Marine  
  109  12:35  Marine x4  
  114  12:37  Siege Tank x2  
  114  12:38  Medivac x2  
  124  12:52  Marine  
  124  12:53  Marine x4  
  129  13:09  Siege Tank x2  
  129  13:10  Marine  
  129  13:11  Marine x4  
  133  13:28  Marine x2  
  130  13:47  Marine x2  
  130  13:48  Marine x3  
  127  13:50  Medivac  
  127  13:51  Medivac  
  126  14:09  Refinery  
  127  14:10  Refinery  
Show
View Real Time Build Order
Export as new Build Order

Slim Zerg 

Build Orders: Pool First 

Get SALT Encoding   

  12  0:19  Spawning Pool  
  11  0:27  Drone x2  
  13  0:31  Drone  
  14  0:43  Overlord  
  14  1:08  Zergling x4  
  14  1:10  Drone  
  17  1:14  Queen  
  19  1:35  Zergling x2  
  19  1:36  Zergling x2  
  21  1:49  Overlord  
  21  1:52  Hatchery  
  20  2:12  Drone x2  
  20  2:15  Extractor  
  21  2:16  Drone  
  20  2:38  Drone x2  
  22  2:46  Zergling x6  
  23  3:15  Queen  
  23  3:17  Hatchery  
  23  3:18  Zergling x4  
  26  3:34  Drone  
  26  3:38  Zergling x4  
  29  3:46  Drone  
  29  3:47  Drone  
  31  3:50  Drone x5  
  36  4:14  Overlord  
  36  4:15  Overlord  
  36  4:22  Metabolic Boost  
  36  4:30  Roach Warren  
  36  4:31  Queen  
  35  4:33  Zergling x2  
  35  4:34  Zergling x4  
  40  4:41  Zergling x2  
  40  4:42  Zergling x10  
  46  4:55  Drone  
  46  4:56  Drone  
  46  4:59  Drone x3  
  51  5:04  Extractor  
  51  5:05  Zergling x4  
  52  5:08  Overlord  
  52  5:17  Zergling x6, Extractor  
  54  5:41  Zergling x4  
  56  5:44  Roach  
  56  5:45  Roach x2  
  56  5:46  Lair  
  56  5:49  Drone  
  63  5:52  Drone  
  63  5:53  Drone  
  63  5:55  Drone  
  56  6:10  Drone  
  57  6:11  Drone x6  
  57  6:18  Roach x3  
  66  6:24  Overlord x3  
  66  6:46  Roach x3  
  72  6:49  Ravager x3  
  72  6:50  Ravager x2  
  79  6:54  Roach x2  
  79  6:55  Zergling x2  
  79  6:58  Drone  
  79  6:59  Drone x4  
  79  7:00  Drone  
  79  7:01  Drone  
  89  7:04  Extractor  
  88  7:12  Zergling x4  
  90  7:23  Glial Reconstitution  
  82  7:48  Zergling x10  
  86  8:01  Drone  
  86  8:02  Drone  
  86  8:03  Drone x4  
  71  8:20  Evolution Chamber x2  
  71  8:21  Zergling x4  
  71  8:22  Zergling x2  
  64  8:58  Hatchery  
  63  9:07  Zergling x2  
  63  9:08  Zergling x10  
  68  9:11  Extractor  
  68  9:14  Extractor, Zergling x2  
  68  9:15  Zergling x34  
  82  9:28  Zergling x2  
  82  9:29  Zergling x8  
  82  9:43  Zerg Melee Weapons Level 1, Baneling Nest  
  82  9:44  Zerg Ground Armor Level 1  
  81  9:47  Spire  
  80  9:56  Drone  
  80  9:57  Drone x6  
  57  10:33  Centrifical Hooks  
  54  10:46  Queen  
  56  11:00  Mutalisk  
  56  11:01  Mutalisk x10  
  78  11:09  Mutalisk x4  
  86  11:15  Drone x2  
  88  11:22  Overlord  
  88  11:33  Mutalisk  
  88  11:36  Overlord x4  
  88  11:37  Overlord  
  88  11:39  Hatchery  
  89  11:41  Zerg Ground Armor Level 2, Zerg Missile Weapons Level 1  
  89  11:47  Zerg Flyer Weapons Level 1  
  89  11:53  Infestation Pit  
  88  11:56  Mutalisk x6  
  100  12:03  Mutalisk  
  100  12:05  Zergling x2  
  100  12:06  Zergling x18  
  112  12:49  Mutalisk  
  112  12:50  Mutalisk x6  
  113  13:14  Mutalisk  
  113  13:15  Mutalisk x4  
  123  13:22  Zergling x20  
  123  13:37  Zergling x2  
  123  13:38  Zergling x12  
  130  14:00  Overlord  
  130  14:01  Overlord  
Show
View Real Time Build Order
Export as new Build Order

AkaYakaWaka Protoss 

Build Orders: Carriers 

Get SALT Encoding   

  12  0:00  Probe  
  13  0:13  Probe  
  14  0:22  Pylon  
  14  0:25  Probe  
  15  0:40  Probe  
  16  0:43  Gateway  
  16  0:52  Probe  
  16  0:53  Assimilator  
  17  1:04  Pylon, Probe (Chrono Boost)  
  18  1:16  Probe (Chrono Boost)  
  19  1:20  Probe (Chrono Boost)  
  20  1:31  Probe, Cybernetics Core  
  21  1:43  Probe  
  22  1:56  Nexus  
  22  1:58  Pylon  
  22  2:02  Warp Gate (Chrono Boost)  
  22  2:13  Assimilator  
  22  2:16  Gateway  
  22  2:20  Probe  
  23  2:32  Probe  
  24  2:42  Stalker  
  26  2:44  Probe  
  27  2:56  Probe  
  28  2:58  Stargate  
  28  3:08  Probe x2  
  30  3:14  Pylon  
  30  3:20  Probe x2  
  36  3:32  Probe  
  36  3:33  Probe  
  34  3:35  Assimilator  
  34  3:38  Stalker x2  
  34  3:40  Assimilator  
  38  3:41  Protoss Air Weapons Level 1 (Chrono Boost)  
  38  3:44  Probe  
  39  3:53  Void Ray (Chrono Boost)  
  39  3:59  Probe  
  44  4:17  Pylon  
  40  4:36  Probe x2  
  40  4:44  Stargate  
  40  4:48  Probe x2  
  42  4:54  Forge  
  42  4:56  Gateway  
  42  4:57  Gateway  
  42  4:59  Pylon  
  42  5:03  Stalker  
  42  5:04  Stalker  
  42  5:06  Probe x2  
  48  5:18  Probe x2  
  48  5:19  Void Ray (Chrono Boost)  
  54  5:28  Void Ray (Chrono Boost)  
  54  5:30  Probe x2  
  60  5:42  Protoss Air Armor Level 1  
  60  5:54  Stargate  
  60  5:58  Stargate  
  60  6:01  Probe x2  
  62  6:06  Stalker  
  64  6:13  Probe x2  
  66  6:19  Void Ray (Chrono Boost)  
  70  7:04  Pylon  
  70  7:06  Pylon  
  70  7:08  Pylon  
  70  7:09  Pylon  
  70  7:11  Pylon  
  70  7:16  Nexus  
  70  7:20  Assimilator  
  70  7:22  Void Ray  
  74  7:24  Assimilator  
  74  7:27  Pylon  
  74  7:30  Pylon  
  66  8:10  Void Ray x2 (Chrono Boost)  
  66  8:11  Stalker  
  66  8:12  Stalker x2  
  79  8:25  Stalker  
  77  8:45  Void Ray  
  77  8:46  Void Ray  
  75  9:10  Fleet Beacon  
  75  9:11  Stalker x3  
  75  9:13  Stalker  
  83  9:38  Twilight Council  
  83  9:44  Stalker x3  
  83  9:45  Stalker  
  91  10:38  Nexus  
  91  10:39  Pylon  
  91  10:41  Pylon  
  83  10:44  Assimilator  
  83  10:48  Assimilator  
  51  11:01  Carrier x2 (Chrono Boost)  
  51  11:02  Carrier x2 (Chrono Boost)  
  71  11:19  Protoss Ground Weapons Level 1 (Chrono Boost)  
  71  11:29  Zealot x4  
  79  11:37  Protoss Air Weapons Level 2 (Chrono Boost)  
  79  11:39  Probe  
  81  11:40  Probe  
  81  11:49  Zealot  
  81  11:50  Zealot x2  
  81  11:51  Probe  
  81  11:52  Probe, Zealot  
  91  12:01  Carrier x2 (Chrono Boost)  
  91  12:03  Probe  
  91  12:04  Probe  
  111  12:12  Unknown  
  111  12:13  Carrier (Chrono Boost)  
  92  12:37  Probe  
  93  12:49  Probe  
  94  12:59  Carrier x3 (Chrono Boost)  
  94  13:01  Probe  
Tags
 
Add a new tag
Caveats
  • Supply blocks, unpowered buildings, or Contaminate may cause inaccurate times.
  • Supply counts are checked every 10 seconds.